 Dungeon Crawl Stone Soup version 0.31-a0-187-gba352fbbf7 (webtiles) character file.

Game seed: 12417097502476599457

806 qw the Skirmisher (level 7, -1/40 HPs)
             Began as a Deep Elf Hunter on June 22, 2023.
             Slain by an orc
             ... wielding a +0 falchion
              (3 damage)
             ... on level 5 of the Dungeon.
             The game lasted 00:01:42 (2937 turns).

qw the Skirmisher (Deep Elf Hunter)                 Turns: 2937, Time: 00:01:42

Health: -1/40      AC:  8    Str: 10    XL:     7   Next: 60%
Magic:  9/9        EV: 11    Int: 14    God:
Gold:   197        SH:  0    Dex: 18    Spells: 6/6 levels left

rFire   . . .        Y - +0 shortbow
rCold   . . .        (shield currently unavailable)
rNeg    . . .        m - +1 ring mail
rPois   .            (no helmet)
rElec   .            i - +0 cloak
rCorr   .            (no gloves)
SInv    .            l - +0 pair of boots
Will    .....        d - amulet of regeneration
Stlth   +            (no ring)
HPRegen 1.06/turn    (no ring)
MPRegen 0.11/turn

%: no passive effects
@: lethally poisoned (-1 -> -7)
A: no striking features
a: no special abilities


You were on level 5 of the Dungeon.
You visited 1 branch of the dungeon, and saw 5 of its levels.

You collected 242 gold pieces.
You spent 45 gold pieces at shops.


   Skills:
 - Level 2.4 Fighting
 + Level 11.5 Ranged Weapons
 - Level 1.1 Armour
 - Level 3.1 Dodging
 - Level 1.2 Stealth


You had 6 spell levels left.
You didn't know any spells.
Your spell library was empty.

Inventory:

Hand Weapons
 Y - a +0 shortbow (weapon)
Armour
 i - a +0 cloak (worn)
 l - a +0 pair of boots (worn)
 m - a +1 ring mail (worn)
Jewellery
 d - an amulet of regeneration (around neck)
Scrolls
 b - a scroll of identify
Potions
 c - a potion of mutation
 e - 2 potions of curing
 f - a potion of cancellation
 g - a potion of might
 k - a potion of haste
 n - a potion of resistance {unknown}

Dungeon Overview and Level Annotations

Branches:
Dungeon (5/15)
 Temple: D:4-7

Altars:
Elyvilon
Hepliaklqana
Kikubaaqudgha
Sif Muna

Shops:
D:3 [

Annotations:
D:5 1 runed translucent door, Crazy Yiuf


Message History

You shoot an arrow. The arrow misses the water moccasin.
You feel very sick. The water moccasin misses you.
The orc hits you with a +0 falchion.
You shoot an arrow.
The arrow barely misses the water moccasin.
You feel very sick. The water moccasin bites you. The orc closely misses you.
The water moccasin closely misses you.
You shoot an arrow.
The arrow barely misses the water moccasin.
You feel sick. The water moccasin misses you. The orc closely misses you.
You shoot an arrow.
The arrow closely misses the water moccasin.
You feel sick.
The water moccasin bites you but does no damage.
The orc hits you but does no damage. The water moccasin bites you.
You are more poisoned.
The water moccasin poisons you!
You shoot an arrow.
The arrow barely misses the water moccasin.
You feel very sick. The water moccasin barely misses you.
The orc hits you but does no damage.
You shoot an arrow.
The arrow closely misses the water moccasin.
You feel very sick. The water moccasin bites you.
You are more poisoned.
The water moccasin poisons you! The orc hits you with a +0 falchion.
You shoot an arrow.
The arrow hits the water moccasin but does no damage.
The water moccasin is lightly wounded.
You feel very sick. The water moccasin barely misses you.
The orc hits you but does no damage. The water moccasin bites you.
You shoot an arrow.
The arrow barely misses the water moccasin.
You feel very sick.
The water moccasin bites you but does no damage.
The orc hits you with a +0 falchion.
You die...

## .. ##. ..< #.#######
#oS.....#
#@########.....##
#.#.#.......#_....._
#.......#.####.....#
#...#.#.#...##8...8#
#...#.#.#.### ##8## #..
#.#.....######### #..
#...#.#..##...#.## #.
#.###...........)#
####...#.....#.......##)#


You could see a water moccasin and an orc.

Vanquished Creatures
  Menkaure (D:5)
  A sky beast (D:4)
  A phantom (D:4)
  A water moccasin skeleton (D:4)
  2 bullfrog zombies (D:4)
  A gnoll bouda (D:5)
  2 orc priests (D:3)
  A scorpion zombie (D:4)
  An orc wizard (D:5)
  2 iguanas
  2 hound zombies (D:4)
  A hound skeleton (D:4)
  2 howler monkey zombies (D:4)
  3 gnolls (D:5)
  An adder (D:2)
  A howler monkey skeleton (D:4)
  An adder zombie (D:4)
  An adder skeleton (D:4)
  2 worms
  A dart slug (D:2)
  11 orcs
  7 endoplasms
  2 giant cockroaches (D:2)
  5 goblins
  8 hobgoblins
  4 jackals
  5 quokkas
  13 ball pythons
  6 bats
  3 frilled lizards
  10 kobolds
  A quokka zombie (D:4)
  4 rats
107 creatures vanquished.

Notes
Turn   | Place    | Note
-------+----------+-------------------------------------------
     0 | D:1      | qw the Deep Elf Hunter began the quest for the Orb.
     0 | D:1      | Reached XP level 1. HP: 12/12 MP: 3/3
     0 | D:1      | 0 ||| qw: Version: 0.3-a-9-g12657ce
     0 | D:1      | 0 ||| qw: Game counter: 2672
     0 | D:1      | 0 ||| qw: Always use a shield: true
     0 | D:1      | 0 ||| qw: God list: Okawaru
     0 | D:1      | 0 ||| qw: Allow faded altars: false
     0 | D:1      | 0 ||| qw: Do Orc after D:15 true
     0 | D:1      | 0 ||| qw: Do second Lair branch before Depths: true
     0 | D:1      | 0 ||| qw: Lair rune preference: random
     0 | D:1      | 0 ||| qw: Plans: Normal
     0 | D:1      | 0 ||| PLANNING D:1-11
   154 | D:1      | Reached skill level 6 in Ranged Weapons
   154 | D:1      | Reached XP level 2. HP: 14/16 MP: 4/4
   154 | D:1      | 154 ||| FLEEEEING.
   155 | D:1      | 155 ||| FLEEEEING.
   156 | D:1      | 156 ||| FLEEEEING.
   157 | D:1      | 157 ||| FLEEEEING.
   402 | D:1      | Reached XP level 3. HP: 20/20 MP: 5/5
   688 | D:1      | 688 ||| READING scroll labelled XIBIGI BOXARIUF.
   689 | D:1      | 689 ||| READING scroll labelled NUOGIEBICW.
   790 | D:1      | 790 ||| READING 2 scrolls labelled YNUBLE WURGH.
   791 | D:1      | 791 ||| READING scroll labelled OWKETEP QUASU.
   792 | D:1      | 792 ||| READING scroll labelled SUALIO JAKHLU.
   796 | D:1      | 796 ||| READING scroll labelled KADDEDGHIXT.
   797 | D:1      | 797 ||| DROPPING scroll of butterflies.
   898 | D:2      | Found a hazy altar of Hepliaklqana.
   938 | D:2      | Reached skill level 7 in Ranged Weapons
  1139 | D:2      | Reached XP level 4. HP: 25/25 MP: 6/6
  1245 | D:2      | 1245 ||| UPGRADING to +0 ring mail.
  1255 | D:2      | 1255 ||| DROPPING +0 leather armour.
  1256 | D:2      | 1256 ||| READING scroll of enchant armour.
  1256 | D:2      | 1256 ||| ENCHANTING +0 ring mail.
  1257 | D:2      | 1257 ||| UPGRADING to amulet of regeneration.
  1262 | D:2      | 1262 ||| READING scroll labelled WOERAE ZUITAPT.
  1327 | D:3      | 1327 ||| Stepping ~*~*~tactically~*~*~ (outnumbered).
  1332 | D:3      | 1332 ||| FLEEEEING.
  1333 | D:3      | 1333 ||| FLEEEEING.
  1334 | D:3      | 1334 ||| FLEEEEING.
  1335 | D:3      | 1335 ||| FLEEEEING.
  1345 | D:3      | Reached skill level 8 in Ranged Weapons
  1394 | D:3      | Reached XP level 5. HP: 29/29 MP: 7/7
  1440 | D:3      | Found Lung's Armour Emporium.
  1445 | D:3      | 1445 ||| BUYING +0 pair of boots (45 gold).
  1445 | D:3      | Bought a +0 pair of boots for 45 gold pieces
  1445 | D:3      | 1445 ||| SHOPLISTING +0 pair of gloves (45 gold, have 39).
  1445 | D:3      | 1445 ||| SHOPLISTING +0 scale mail of fire resistance (110
                  | gold, have 39).
  1445 | D:3      | 1445 ||| SHOPLISTING +1 helmet (115 gold, have 39).
  1445 | D:3      | 1445 ||| SHOPLISTING +2 robe of fire resistance (177 gold,
                  | have 39).
  1756 | D:3      | 1756 ||| UPGRADING to +0 pair of boots.
  1761 | D:3      | 1761 ||| DRINKING 3 murky white potions.
  1762 | D:3      | 1762 ||| DRINKING 2 bubbling blue potions.
  1763 | D:3      | 1763 ||| READING 4 scrolls of identify.
  1763 | D:3      | 1763 ||| IDENTIFYING smoky inky potion
  1764 | D:3      | 1764 ||| READING 3 scrolls of identify.
  1764 | D:3      | 1764 ||| IDENTIFYING yellow potion
  1765 | D:3      | 1765 ||| READING 2 scrolls of identify.
  1765 | D:3      | 1765 ||| IDENTIFYING sapphire potion
  1766 | D:3      | 1766 ||| DROPPING potion of brilliance.
  1804 | D:4      | 1804 ||| STAIRDANCE
  1815 | D:4      | 1815 ||| STAIRDANCE
  1822 | D:3      | HP: 5/29 [iguana (8)]
  1823 | D:3      | 1823 ||| READING scroll of teleportation.
  1823 | D:3      | HP: 2/29 [iguana (4)]
  1824 | D:3      | 1824 ||| DRINKING potion of heal wounds.
  1853 | D:4      | Reached skill level 9 in Ranged Weapons
  1974 | D:4      | Noticed a sky beast
  1983 | D:4      | Killed a sky beast
  1984 | D:4      | Reached XP level 6. HP: 26/36 MP: 8/8
  2123 | D:4      | Found a shimmering blue altar of Sif Muna.
  2206 | D:4      | Reached skill level 10 in Ranged Weapons
  2230 | D:4      | Reached skill level 3 in Dodging
  2325 | D:4      | Reached skill level 1 in Armour
  2325 | D:4      | Reached XP level 7. HP: 31/40 MP: 9/9
  2325 | D:4      | 2325 ||| FLEEEEING.
  2326 | D:4      | 2326 ||| FLEEEEING.
  2327 | D:4      | 2327 ||| FLEEEEING.
  2328 | D:4      | 2328 ||| FLEEEEING.
  2329 | D:4      | 2329 ||| FLEEEEING.
  2330 | D:4      | 2330 ||| FLEEEEING.
  2479 | D:4      | 2479 ||| UPGRADING to +0 cloak.
  2484 | D:4      | 2484 ||| READING scroll labelled XOSIUMMI NUSI.
  2485 | D:4      | 2485 ||| DRINKING 2 coppery potions.
  2590 | D:4      | 2590 ||| READING 4 scrolls of identify.
  2590 | D:4      | 2590 ||| IDENTIFYING black potion
  2591 | D:4      | 2591 ||| READING 3 scrolls of identify.
  2591 | D:4      | 2591 ||| IDENTIFYING smoky clear potion
  2592 | D:4      | 2592 ||| READING 2 scrolls of identify.
  2592 | D:4      | 2592 ||| IDENTIFYING cyan potion
  2593 | D:4      | 2593 ||| DROPPING potion of ambrosia.
  2594 | D:4      | 2594 ||| DROPPING potion of berserk rage.
  2619 | D:5      | Entered Level 5 of the Dungeon
  2744 | D:5      | Noticed Menkaure
  2752 | D:5      | Killed Menkaure
  2753 | D:5      | Reached skill level 11 in Ranged Weapons
  2789 | D:5      | Found a runed translucent door.
  2790 | D:5      | Noticed Crazy Yiuf
  2869 | D:5      | 2869 ||| Stepping ~*~*~tactically~*~*~ (outnumbered).
  2872 | D:5      | 2872 ||| Stepping ~*~*~tactically~*~*~ (outnumbered).
  2906 | D:5      | Found an ancient bone altar of Kikubaaqudgha.
  2909 | D:5      | Found a white marble altar of Elyvilon.
  2936 | D:5      | HP: 10/40 [poisoned by a water moccasin]
  2937 | D:5      | HP: 2/40 [poisoned by a water moccasin]
  2937 | D:5      | Slain by an orc

Levels and vault maps discovered:
D:1:      tarquinn_simple_flora_water_a, layout_loops_ring, minmay_tromino_i4
D:2:      layout_rooms, basic_altar, minivault_26
D:3:      layout_basic, serial_shops, shop_fountains
D:4:      layout_rooms, lemuel_round_altar, serial_undead, serial_undead_f,
          serial_undead_b, serial_undead_d, serial_undead_e, serial_undead_a,
          serial_undead_c
D:5:      layout_basic, nicolae_overflow_hidden_temple, uniq_crazy_yiuf_cottage,
          uniq_menkaure

Skill      XL: |  1  2  3  4  5  6  7 |
---------------+----------------------+-----
Ranged Weapons | 6 7 8 9 10 11 | 11.5
Fighting       | 2 |  2.4
Dodging        | 3 |  3.1
Armour         | 1 |  1.1
Stealth        | |  1.2

Action                     |  1- 3 |  4- 6 |  7- 9 || total
---------------------------+-------+-------+-------++-------
   Fire: Shortbow          |   123 |   217 |    90 ||   430
    Use: Scroll            |     6 |     6 |     4 ||    16
         Potion            |       |     3 |     1 ||     4
 Armour: Leather armour    |     7 |       |       ||     7
         Ring mail         |       |    57 |    23 ||    80
  Dodge: Dodged            |    17 |    84 |    34 ||   135

Table legend:
 A = Non-vault XP
 B = Vault XP
 C = Vault XP percentage of total XP
 D = Non-vault monster count
 E = Vault monster count
 F = Vault count percentage of total count
                 A         B        C        D         E       F
            +---------+---------+-------+---------+---------+-------
      Total |     671 |     481 |  41.8 |      91 |      16 |  15.0
            +---------+---------+-------+---------+---------+-------
        D:1 |      45 |       4 |   8.2 |      29 |       2 |   6.5
        D:2 |      54 |       0 |   0.0 |      22 |       0 |   0.0
        D:3 |     154 |       0 |   0.0 |      19 |       0 |   0.0
        D:4 |     287 |     305 |  51.5 |      12 |      13 |  52.0
        D:5 |     131 |     172 |  56.8 |       9 |       1 |  10.0
            +---------+---------+-------+---------+---------+-------
